 Dungeon Crawl Stone Soup version 0.30-a0-613-gdd512c7efb (webtiles) character file.

Game seed: 7607808758922734721

44 pokeman the Magician (level 3, 0/20 HPs)
             Began as a Deep Elf Hedge Wizard on Jan 8, 2023.
             Succumbed to miscasting Mephitic Cloud's poison
             ... on level 2 of the Dungeon.
             The game lasted 00:02:24 (1233 turns).

pokeman the Magician (Deep Elf Hedge Wizard)        Turns: 1233, Time: 00:02:25

Health: 0/20       AC:  2    Str:  7    XL:     3   Next: 41%
Magic:  4/11       EV: 12    Int: 20    God:
Gold:   33         SH:  0    Dex: 14    Spells: 4/12 levels left

rFire   . . .      SeeInvis .    f - +1 dagger (venom)
rCold   . . .      Faith    .    (no shield)
rNeg    . . .      Spirit   .    b - +0 robe
rPois   .          Reflect  .    c - +0 hat
rElec   .          Harm     .    (no cloak)
rCorr   .          Rampage  .    (no gloves)
Will    .....                    (no boots)
Stlth   ++                       (no amulet)
HPRegen 0.23/turn                (no ring)
MPRegen 0.12/turn                (no ring)

@: lethally poisoned (0 -> -2), very slightly contaminated, hasted, invisible,
very quick
A: no striking features
a: no special abilities


You were on level 2 of the Dungeon.
You visited 1 branch of the dungeon, and saw 2 of its levels.

You collected 33 gold pieces.

Inventory:

Hand Weapons
 f - a +1 dagger of venom (weapon)
Armour
 b - a +0 robe (worn)
 c - a +0 hat (worn)
Scrolls
 a - 4 scrolls of identify {unknown}
 e - a scroll of blinking {unknown}
 h - a scroll of vulnerability {unknown}
 k - a scroll of fear {unknown}
 l - a scroll of noise {unknown}
Potions
 d - a potion of magic
 j - a potion of degeneration {unknown}
 m - a potion of brilliance {unknown}


   Skills:
 + Level 0.9 Fighting
 - Level 1.0 Armour
 + Level 2.4 Dodging
 - Level 2.4 Stealth
 * Level 5.2 Spellcasting
 + Level 1.9 Conjurations
 - Level 1.1 Summonings
 - Level 1.1 Translocations


You had 4 spell levels left.
You knew the following spells:

 Your Spells              Type           Power      Damage    Failure   Level
a - Magic Dart            Conj           52%        1d5       4%          1
b - Mephitic Cloud        Conj/Pois/Air  7%         N/A       26%         3
c - Call Imp              Summ           9%         N/A       11%         2
d - Blink                 Tloc           18%        N/A       11%         2

Your spell library contained the following spells:

 Spells                   Type           Power      Damage    Failure   Level
 Slow                     Hex            20%        N/A       12%         1
 Cigotuvi's Dreadful Rot  Necr/Pois/Air  10%        N/A       17%         2


Dungeon Overview and Level Annotations

Branches:
Dungeon (2/15)

Altars:
Makhleb


Message History

Unknown command.
HP restored.
A gnoll comes into view. It is wielding a +0 halberd.
Casting: Magic Dart (safe; 4% risk of failure)
Confirm with . or Enter, or press ? or * to list all spells.
The spell is extremely dangerous to miscast (26% risk of failure)!
Continue anyway?
Aiming: Mephitic Cloud (extremely dangerous; 26% risk of failure)
Press: ? - help, Shift-Dir - straight line, f - gnoll
Aim: a gnoll, wielding a +0 halberd (wandering, hasn't noticed you, chance to affect: 91%)
The ball explodes into a vile cloud!
The stinking cloud engulfs the gnoll but does no damage.
The gnoll shouts!
The stinking cloud engulfs the gnoll but does no damage.
The gnoll shouts!
You hear a shout!
You hear a bark!
The gnoll is engulfed in noxious fumes.
The gnoll appears confused.
A gnoll comes into view. It is wielding a +0 halberd.
The gnoll shouts!
The gnoll hits you from afar with a +0 spear.
Items here: $ ) ? [.
Casting: Mephitic Cloud (extremely dangerous; 26% risk of failure)
Confirm with . or Enter, or press ? or * to list all spells.
The spell is extremely dangerous to miscast (26% risk of failure)!
Continue anyway?
Aiming: Mephitic Cloud (extremely dangerous; 26% risk of failure)
Press: ? - help, Shift-Dir - straight line, f - gnoll, p - gnoll
Aim: a gnoll, wielding a +0 spear (chance to affect: 91%)
You miscast Mephitic Cloud.
You are very lightly contaminated with residual magic.
You feel odd!
You are poisoned.
You feel sick.
The gnoll hits you from afar with a +0 spear.
* * * LOW HITPOINT WARNING * * *
It was a potion of invisibility.
You fade into invisibility!
* * * LOW HITPOINT WARNING * * *
You feel sick. The gnoll misses you.
Okay, then.
Unknown command.
It was a potion of haste.
You feel yourself speed up.
You die...

#.....###S#.# ...
###### #...# #.
#########...# .
#.#.....†.)...#
#.....######..#
#........<....#
#.._..###.###...#
#.....# #.g.##...
.......# ###@# .##.
......#.......ggg....
.................####
.############......
.....### ....#.
.##.#†# .. .. #


You could see 4 gnolls.

Vanquished Creatures
  2 adders (D:2)
  A ball python (D:1)
  2 endoplasms (D:1)
  A giant cockroach (D:1)
  A hobgoblin (D:1)
  2 quokkas (D:1)
  5 bats
  2 frilled lizards
  5 goblins
  A kobold (D:1)
  5 rats
27 creatures vanquished.

Notes
Turn   | Place    | Note
-------+----------+-------------------------------------------
     0 | D:1      | pokeman the Deep Elf Hedge Wizard began the quest for the
                  | Orb.
     0 | D:1      | Reached XP level 1. HP: 10/10 MP: 7/7
   360 | D:1      | Reached XP level 2. HP: 15/15 MP: 6/9
   981 | D:2      | Reached skill level 5 in Spellcasting
   981 | D:2      | Reached XP level 3. HP: 14/20 MP: 3/11
  1065 | D:2      | Found a burning altar of Makhleb.
  1083 | D:1      | Learned a level 3 spell: Mephitic Cloud
  1086 | D:1      | Learned a level 2 spell: Call Imp
  1089 | D:1      | Learned a level 2 spell: Blink
  1177 | D:2      | Reached skill level 1 in Armour
  1232 | D:2      | HP: 1/20 [poisoned by miscasting Mephitic Cloud]
  1233 | D:2      | Succumbed to miscasting Mephitic Cloud's poison

Illustrated notes

Levels and vault maps discovered:
D:1:      wander_arrival_lonely_grave, layout_basic
D:2:      layout_basic, basic_altar

Skill      XL: |  1  2  3 |
---------------+----------+-----
Spellcasting   | 5 |  5.2
Armour         | 1 |  1.0
Fighting       | |  0.9
Dodging        | |  2.4
Stealth        | |  2.4
Conjurations   | |  1.9
Summonings     | |  1.1
Translocations | |  1.1

Action                   || total
-------------------------++-------
Melee: Dagger            ||     6
 Cast: Magic Dart        ||    67
       Mephitic Cloud    ||     1
  Use: Potion            ||     2
Armor: Robe              ||     4
Dodge: Dodged            ||    19

Table legend: (Time is in decaauts)
 A = Elapsed time spent in this place.
 B = Non-inter-level travel time spent in this place.
 C = Inter-level travel time spent in this place.
 D = Time resting spent in this place.
 E = Time spent auto-exploring this place.
 F = Levels seen in this place.
 G = Mean time per level.
                   A        B        C        D        E       F      G
               +--------+--------+--------+--------+--------+-----+--------+
         Total |   1233 |   1224 |      9 |      0 |    992 |   2 |  616.5 |
       Dungeon |   1233 |   1224 |      9 |      0 |    992 |   2 |  616.5 |
               +--------+--------+--------+--------+--------+-----+--------+

Top non-repeatable levels by time:
     D:1: 1027 daAuts
     D:2: 206 daAuts
